 Dungeon Crawl Stone Soup version 0.26-a0-1129-gc5df7fbe6a (webtiles) character file.

Game seed: 6180724431880392701

1336 Grim the Fighter (level 8, 0/133 HPs)
             Began as an Ogre Berserker on Dec 18, 2020.
             Was a Priest of Trog.
             Slain by a killer bee (6 damage)
             ... on level 7 of the Dungeon on Dec 26, 2020.
             The game lasted 00:10:16 (8223 turns).

Grim the Fighter (Ogre Berserker)                   Turns: 8223, Time: 00:10:16

Health: 0/133      AC:  3    Str: 22    XL:     8   Next: 61%
Magic:  8/8        EV: 10    Int:  8    God:    Trog [***...]
Gold:   442        SH:  0    Dex: 10    Spells: 7/7 levels left

rFire    . . .     SeeInvis .   a - +0 mace
rCold    . . .     Faith    .   (no shield)
rNeg     . . .     Spirit   .   b - +0 animal skin
rPois    .         Reflect  .   (helmet restricted)
rElec    .         Harm     .   (no cloak)
rCorr    .         Rampage  .   (gloves unavailable)
Will     .....                  (boots unavailable)
Stlth    ..........             (no amulet)
HPRegen  0.32/turn              (no ring)
MPRegen  0.11/turn              (no ring)

@: berserking, lethally poisoned (0 -> -16), very quick
A: large, unfitting armour, tough skin 1
a: Renounce Religion, Berserk, Trog's Hand


You were on level 7 of the Dungeon.
You worshipped Trog.
Trog was most pleased with you.
You visited 1 branch of the dungeon, and saw 7 of its levels.

You collected 442 gold pieces.

Inventory:

Hand Weapons
 a - a +0 mace (weapon)
Missiles
 c - 3 throwing nets
 j - 17 poisoned darts (quivered)
 r - 4 boomerangs
Armour
 b - a +0 animal skin (worn)
 t - a +0 robe
Jewellery
 x - a cursed ring of attention {unknown}
 y - a +4 ring of evasion {unknown}
Scrolls
 d - 10 scrolls of identify {unknown}
 e - 2 scrolls of random uselessness {unknown}
 f - 9 scrolls of remove curse {unknown}
 i - 6 scrolls of amnesia {unknown}
 l - a scroll of enchant armour {unknown}
 m - 2 scrolls of fog {unknown}
 n - 5 scrolls of teleportation {unknown}
 o - 2 scrolls of immolation {unknown}
 p - a scroll of enchant weapon {unknown}
 q - 2 scrolls of magic mapping {unknown}
 v - a scroll of fear {unknown}
 z - a scroll of blinking {unknown}
Potions
 g - 3 potions of haste {unknown}
 h - 3 potions of curing
 k - a potion of brilliance {unknown}
 s - a potion of magic {unknown}
 u - 3 potions of invisibility {unknown}
 w - a potion of might {unknown}


   Skills:
 + Level 8.7 Fighting
 * Level 8.2 Maces & Flails
 - Level 2.6 Dodging


You had 7 spell levels left.
You didn't know any spells.
Your spell library was empty.

Dungeon Overview and Level Annotations

Branches:
Dungeon (7/15)             Temple (0/1) D:6

Altars:
Fedhas
Sif Muna
Xom
Zin


Innate Abilities, Weirdness & Mutations

You are too large for most types of armour.
You have tough skin. (AC +1)


Message History

You feel sick. The killer bee misses you. The killer bee barely misses you.
The giant cockroach bites you.
* * * LOW HITPOINT WARNING * * *
The killer bee stings you.
* * * LOW HITPOINT WARNING * * *
You sock the killer bee!
The killer bee is almost dead.
* * * LOW HITPOINT WARNING * * *
You feel sick. The killer bee stings you!
* * * LOW HITPOINT WARNING * * *
A shadow imp comes into view.
The killer bee closely misses you.
The shadow imp shouts, "Scamper home, thou rank half-faced gnoll-tail!"
You bludgeon the killer bee!!
You feel the power of Trog in you as your rage grows.
You kill the killer bee!
Trog accepts your kill.
* * * LOW HITPOINT WARNING * * *
You feel sick. The killer bee stings you.
You die...

..........#..#...>.#
..5.......#........#
...................#
.........##....##.##
...........#.......#
......###..###..<.##
.......#.....#..###
##.y.....##### .
#.z†@##### #..
##.#B##.####
#....##..#.......#
#....)..........#
...?.##)#..#.....#
.... ###..####### .
..## ##.. ...


You could see a killer bee, a wight, a shadow imp and a giant cockroach.

Vanquished Creatures
  An ice beast (D:6)
  2 phantoms
  3 ogres
  A bullfrog (D:6)
  3 killer bees (D:7)
  2 wights (D:7)
  A bullfrog zombie (D:7)
  A hound (D:5)
  A jelly (D:6)
  An orc wizard (D:5)
  2 iguanas
  3 worker ants
  8 gnolls
  14 adders
  2 white imps (D:5)
  An ufetubus (D:5)
  2 oozes
  An adder skeleton (D:6)
  A worm (D:4)
  3 dart slugs
  3 leopard geckos
  7 orcs
  A ball python (D:4)
  11 giant cockroaches
  4 goblins
  3 hobgoblins
  3 jackals (D:6)
  2 quokkas
  2 bats (D:1)
  3 frilled lizards
  A jackal skeleton (D:4)
  10 kobolds
  A leopard gecko zombie (D:6)
  A quokka skeleton (D:4)
  8 rats
113 creatures vanquished.

Vanquished Creatures (others)
  39 plants (D:7)
39 creatures vanquished.

Grand Total: 152 creatures vanquished

Notes
Turn   | Place    | Note
-------+----------+-------------------------------------------
     0 | D:1      | Grim the Ogre Berserker began the quest for the Orb.
     0 | D:1      | Reached XP level 1. HP: 24/24 MP: 1/1
   254 | D:1      | Reached XP level 2. HP: 32/32 MP: 2/2
   499 | D:1      | Reached XP level 3. HP: 37/40 MP: 3/3
  1070 | D:2      | Reached skill level 5 in Fighting
  1070 | D:2      | Reached XP level 4. HP: 33/50 MP: 4/4
  2008 | D:2      | Found a faded altar of an unknown god.
  2037 | D:2      | Reached XP level 5. HP: 46/57 MP: 5/5
  2344 | D:2      | Reached ** piety under Trog
  3461 | D:3      | Found a blossoming altar of Fedhas.
  3467 | D:3      | Found a glowing silver altar of Zin.
  3642 | D:4      | Noticed an ogre
  3653 | D:4      | Killed an ogre
  3654 | D:4      | Reached skill level 5 in Maces & Flails
  3654 | D:4      | Reached XP level 6. HP: 67/67 MP: 6/6
  3794 | D:4      | Found a shimmering altar of Xom.
  3897 | D:4      | Noticed a phantom
  3975 | D:4      | Killed a phantom
  4549 | D:4      | Reached XP level 7. HP: 42/76 MP: 7/7
  5157 | D:5      | Entered Level 5 of the Dungeon
  5615 | D:5      | Found a shimmering blue altar of Sif Muna.
  6393 | D:5      | Reached *** piety under Trog
  6874 | D:6      | HP: 2/78 [ice beast (13)]
  6876 | D:6      | Reached XP level 8. HP: 1/88 MP: 8/8
  7618 | D:6      | Found a staircase to the Ecumenical Temple.
  8223 | D:7      | HP: 6/133 [poisoned by a killer bee]
  8223 | D:7      | Slain by a killer bee

Illustrated notes

Levels and vault maps discovered:
D:1:      dpeg_arrival_refuge, layout_basic
D:2:      layout_loops_ring, chequers_ecumenical_altar_island,
          grunt_ministairs_3
D:3:      layout_loops_corners, minitemple
D:4:      layout_gridville, tgw_xom
D:5:      layout_gridville, led_sif_book
D:6:      layout_basic, minmay_temple_entry_glassed_door
D:7:      layout_cave_pools, serial_bayou_lagoon_a,
          nicolae_ru_the_path_less_chosen, uniq_duvessa, uniq_joseph

Skill      XL: |  1  2  3  4  5  6  7  8 |
---------------+-------------------------+-----
Maces & Flails | 3 4 5 7 8 |  8.2
Fighting       | 5 6 7 8 |  8.7
Dodging        | |  2.6

Action                   |  1- 3 |  4- 6 |  7- 9 || total
-------------------------+-------+-------+-------++-------
Melee: Mace              |    83 |   181 |   178 ||   442
Throw: Dart              |       |     3 |     3 ||     6
Invok: Berserk           |     3 |     4 |     8 ||    15
       Trog's Hand       |       |     1 |     2 ||     3
  Use: Potion            |       |       |     1 ||     1
Armor: Animal skin       |    22 |    58 |    53 ||   133
Dodge: Dodged            |    59 |    74 |   125 ||   258

Table legend: (Time is in decaauts)
 A = Elapsed time spent in this place.
 B = Non-inter-level travel time spent in this place.
 C = Inter-level travel time spent in this place.
 D = Time resting spent in this place.
 E = Time spent auto-exploring this place.
 F = Levels seen in this place.
 G = Mean time per level.
                   A        B        C        D        E       F      G
               +--------+--------+--------+--------+--------+-----+--------+
         Total |   8401 |   8262 |    139 |   3505 |   3849 |   7 | 1200.1 |
       Dungeon |   8401 |   8262 |    139 |   3505 |   3849 |   7 | 1200.1 |
               +--------+--------+--------+--------+--------+-----+--------+

Top non-repeatable levels by time:
     D:2: 1961 daAuts
     D:4: 1554 daAuts
     D:5: 1420 daAuts
     D:6: 1389 daAuts
     D:3: 999 daAuts
     D:1: 761 daAuts
     D:7: 314 daAuts
